 Dungeon Crawl Stone Soup version 0.29-a0-340-g6efceafd81 (webtiles) character file.

Game seed: 6799309361475282406

786 Lemondrips the Sneak (level 7, -11/35 HPs)
             Began as a Spriggan Earth Elementalist on Apr 19, 2022.
             Was an Initiate of Hepliaklqana.
             Mangled by an acid dragon (15 damage)
             ... on level 5 of the Dungeon.
             The game lasted 00:07:48 (4568 turns).

Lemondrips the Sneak (Spriggan Earth Elementalist)  Turns: 4568, Time: 00:07:49

Health: -11/35     AC:  1    Str:  6    XL:     7   Next: 56%
Magic:  15/15      EV: 20    Int: 17    God:    Hepliaklqana [......]
Gold:   284        SH:  5    Dex: 19    Spells: 12/16 levels left

rFire   . . .      SeeInvis +   r - +11 falchion of Hekhleen {venom, Dex+4 SInv}
rCold   . . .      Faith    .   (no shield)
rNeg    . . .      Spirit   .   b - +0 robe
rPois   .          Reflect  +   (helmet restricted)
rElec   .          Harm     .   q - +2 cloak
rCorr   .          Rampage  .   (gloves unavailable)
Will    +....                   (boots unavailable)
Stlth   ++++......              f - amulet of reflection
HPRegen 0.11/turn               (no ring)
MPRegen 0.14/turn               (no ring)

@: corroded, very quick
A: very small, no large weapons, unfitting armour, see invisible, speed 3
a: Renounce Religion


You were on level 5 of the Dungeon.
You worshipped Hepliaklqana.
Hepliaklqana was noncommittal.
You visited 1 branch of the dungeon, and saw 5 of its levels.

You collected 284 gold pieces.

Inventory:

Hand Weapons
 r - the +11 falchion of Hekhleen (weapon) {venom, Dex+4 SInv}
   (You found it on level 3 of the Dungeon)

   It poisons the flesh of those it strikes.
   Dex:       It affects your dexterity (+4).
   SInv:      It lets you see invisible.
Missiles
 a - 63 stones
Armour
 b - a +0 robe (worn)
 q - a +2 cloak (worn)
Jewellery
 e - a ring of positive energy
 f - an amulet of reflection (around neck)
Wands
 l - a wand of iceblast (16)
Scrolls
 d - 3 scrolls of teleportation {unknown}
 g - 4 scrolls of identify {unknown}
 i - a scroll of fog {unknown}
 k - a scroll of brand weapon {unknown}
 n - a scroll of amnesia {unknown}
 o - a scroll of holy word {unknown}
 s - a scroll of enchant armour {unknown}
 t - a scroll of enchant weapon {unknown}
Potions
 c - 4 potions of magic
 h - a potion of mutation {unknown}
 j - a potion of heal wounds
 m - 3 potions of degeneration {unknown}
 p - 3 potions of curing {unknown}
 u - a potion of haste {unknown}


   Skills:
 + Level 2.8 Fighting
 + Level 5.7 Dodging
 + Level 6.6 Stealth
 + Level 5.1 Spellcasting
 - Level 1.3 Transmutations
 + Level 4.3 Earth Magic


You had 12 spell levels left.
You knew the following spells:

 Your Spells              Type           Power      Damage    Failure   Level
a - Sandblast             Erth           38%        2d10      2%          1
b - Stone Arrow           Conj/Erth      22%        3d8       17%         3

Your spell library contained the following spells:

 Spells                   Type           Power      Damage    Failure   Level
 Passwall                 Tmut/Erth      11%        N/A       7%          2
 Beastly Appendage        Tmut           18%        N/A       9%          1
 Sting                    Tmut/Pois      24%        1d4       11%         1
 Wereblood                Tmut           9%         N/A       12%         2
 Shock                    Conj/Air       16%        1d4       14%         1
 Slow                     Hex            16%        N/A       14%         1
 Spider Form              Tmut/Pois      6%         N/A       32%         3
 Confusing Touch          Hex            4%         N/A       38%         3
 Swiftness                Air            4%         N/A       38%         3
 Vampiric Draining        Necr           4%         2d6       38%         3
 Petrify                  Tmut/Erth      14%        N/A       41%         4
 Lee's Rapid Deconstruct  Erth           9%         3d8*      54%         5
 Airstrike                Air            2%         N/A       80%         4
 Blade Hands              Tmut           4%         N/A       92%         5
 Eringya's Noxious Bog    Tmut/Pois      3%         N/A       100%        6


Dungeon Overview and Level Annotations

Branches:
Dungeon (5/15)
 Temple: D:4-7

Altars:
Cheibriados
Hepliaklqana
Ru
Sif Muna
Beogh

Shops:
D:4 ?

Annotations:
D:5 Sigmund


Innate Abilities, Weirdness & Mutations

You are very small and have problems with some larger weapons.
You are too small for most types of armour.
You have supernaturally acute eyesight. (SInv)
You cover ground extremely quickly. (Speed+++)


Message History

A jelly is nearby!
Casting: Sandblast (safe; 2% risk of failure)
Confirm with . or Enter, or press ? or * to list all spells.
Aiming: Sandblast (safe; 2% risk of failure)
Press: ? - help, Shift-Dir - straight line, f - jelly
Aim: a jelly (100% to hit)
The blast of sand hits the jelly!
You kill the jelly!
Magic restored.
Found an escape hatch in the floor.
You pick up a book of Debilitation and begin reading...
You add the spells Slow, Vampiric Draining and Confusing Touch to your library.
Found a stone staircase leading down.
There is a stone staircase leading down here.
Found a chain mail.
You see here a +0 chain mail.
Found an escape hatch in the ceiling.
There is an escape hatch in the ceiling here.
An iguana comes into view.
The iguana barely misses you.
You hit the iguana.
The iguana is poisoned.
The iguana is moderately wounded.
The iguana completely misses you.
You slash the iguana!
You kill the iguana!
No target in view!
You see here an iguana corpse.
Found a club.
An acid dragon comes into view.
The acid dragon roars!
You closely miss the acid dragon. The acid dragon bites you!
The acid dragon misses you.
You hit the acid dragon.
The acid dragon is lightly wounded.
The acid dragon spits acid at you. The splash of acid hits you!!
Ouch! That really hurt!
* * * LOW HITPOINT WARNING * * *
The acid corrodes you! The acid dragon bites you!
You die...

#############.#
####### #.#
......# #.#
#####[# #.# #.#
#.# #.# #.#
#.#######.####
#............#
###...####.#@#
###...####.#D#
#..>....##.#.#
###.......##.#.#
#............#.#
#
#.###...#.#....#
# #.#
#...#....)..
###.####.##
#.#### ##...# .#
.#


You could see an acid dragon (catching breath).

Vanquished Creatures
  Edmund (D:4)
  A centaur (D:4)
  A phantom (D:4)
  2 scorpions (D:4)
  A hound (D:4)
  2 orc priests (D:3)
  Crazy Yiuf (D:2)
  A jelly (D:5)
  2 iguanas
  2 orc wizards
  7 adders
  A worm (D:4)
  12 orcs
  7 ball pythons
  7 bats
  6 endoplasms
  3 giant cockroaches
  4 hobgoblins
  2 jackals (D:1)
  9 kobolds
  A quokka (D:3)
  9 frilled lizards
  9 goblins
  7 rats
  A spectral orc (D:3)
99 creatures vanquished.

Vanquished Creatures (others)
  A fungus (D:1)
1 creature vanquished.

Grand Total: 100 creatures vanquished

Notes
Turn   | Place    | Note
-------+----------+-------------------------------------------
     0 | D:1      | Lemondrips the Spriggan Earth Elementalist began the quest
                  | for the Orb.
     0 | D:1      | Reached XP level 1. HP: 9/9 MP: 5/5
   265 | D:1      | Reached XP level 2. HP: 13/13 MP: 1/6
  1172 | D:2      | Reached XP level 3. HP: 14/17 MP: 5/8
  1259 | D:2      | Found a faded altar of an unknown god.
  1395 | D:2      | Reached skill level 1 in Fighting
  1456 | D:2      | Found a runed translucent door.
  1457 | D:2      | Noticed Crazy Yiuf
  1668 | D:2      | Reached skill level 4 in Stealth
  1802 | D:2      | Reached XP level 4. HP: 22/22 MP: 10/10
  1983 | D:2      | Killed Crazy Yiuf
  2286 | D:3      | Learned a level 3 spell: Stone Arrow
  2328 | D:3      | Identified the +11 falchion of Hekhleen {venom, Dex+4 SInv}
  2411 | D:3      | Found a sacrificial altar of Ru.
  2474 | D:3      | Reached XP level 5. HP: 25/25 MP: 11/11
  2603 | D:3      | Found a hazy altar of Hepliaklqana.
  2614 | D:3      | Became a worshipper of Hepliaklqana the Forgotten
  3114 | D:3      | Reached skill level 5 in Stealth
  3206 | D:3      | Found a shimmering blue altar of Sif Muna.
  3358 | D:4      | Reached XP level 6. HP: 25/30 MP: 13/13
  3658 | D:4      | Reached skill level 5 in Dodging
  3700 | D:4      | Found Fuann's Magic Scroll Shop.
  3805 | D:4      | Noticed Edmund
  3820 | D:4      | Killed Edmund
  3821 | D:4      | Reached skill level 6 in Stealth
  3821 | D:4      | Reached XP level 7. HP: 35/35 MP: 13/15
  3967 | D:4      | Reached skill level 5 in Spellcasting
  3979 | D:4      | Found a snail-covered altar of Cheibriados.
  4302 | D:5      | Entered Level 5 of the Dungeon
  4406 | D:5      | Got Sif Muna's Reference Book on Shifting Clay
  4420 | D:5      | Noticed Sigmund
  4568 | D:5      | Mangled by an acid dragon

Illustrated notes

Levels and vault maps discovered:
D:1:      dpeg_cavernosity, layout_loops_ring
D:2:      layout_loops_ring, hellmonk_ecumenical_altar_pennies_from_heaven,
          hangedman_abyss_or_decor_lesser_grid, uniq_crazy_yiuf_cottage
D:3:      layout_loops_ring, nicolae_hepliaklqana_monster_ancestors,
          mainiacjoe_overflow_boulevard, lemuel_blue_sif_altar,
          kennysheep_orc_chapel
D:4:      layout_loops_cross, cheibrodos_worm_habitat, serial_shops,
          nicolae_diamond_shop, uniq_edmund
D:5:      layout_loops_ring, amcnicky_altar_gilded, serial_shops,
          nicolae_square_shop, hangedman_abyss_or_decor_passed, uniq_sigmund

Skill      XL: |  1  2  3  4  5  6  7 |
---------------+----------------------+-----
Dodging        | 3 4 5 |  5.7
Spellcasting   | 3 4 5 |  5.1
Earth Magic    | 3 4 |  4.3
Fighting       | 1 2 |  2.8
Stealth        | 4 5 6 |  6.6
Transmutations | |  1.3

Action                   |  1- 3 |  4- 6 |  7- 9 || total
-------------------------+-------+-------+-------++-------
Melee: Unarmed           |     5 |       |       ||     5
       Short sword       |    54 |    16 |       ||    70
       Mace              |     1 |       |       ||     1
       Falchion          |       |    76 |    22 ||    98
 Cast: Sandblast         |    22 |     7 |     1 ||    30
 Stab: Sleeping          |     6 |     9 |       ||    15
       Distracted        |     1 |       |       ||     1
Armor: Robe              |     3 |     9 |     2 ||    14
Dodge: Dodged            |    54 |    65 |    16 ||   135
Block: Other             |    10 |    15 |     7 ||    32

Table legend: (Time is in decaauts)
 A = Elapsed time spent in this place.
 B = Non-inter-level travel time spent in this place.
 C = Inter-level travel time spent in this place.
 D = Time resting spent in this place.
 E = Time spent auto-exploring this place.
 F = Levels seen in this place.
 G = Mean time per level.
                   A        B        C        D        E       F      G
               +--------+--------+--------+--------+--------+-----+--------+
         Total |   3457 |   3353 |    104 |    488 |   2322 |   5 |  691.4 |
       Dungeon |   3457 |   3353 |    104 |    488 |   2322 |   5 |  691.4 |
               +--------+--------+--------+--------+--------+-----+--------+

Top non-repeatable levels by time:
     D:2: 917 daAuts
     D:3: 886 daAuts
     D:4: 775 daAuts
     D:1: 708 daAuts
     D:5: 168 daAuts
